 Dungeon Crawl Stone Soup version 0.29-a0-492-g10b964d8d7 (webtiles) character file.

Game seed: 2131338529945250423

732 Bruhh the Ogre Mage (level 7, -1/59 HPs)
             Began as an Ogre Earth Elementalist on May 27, 2022.
             Was an Initiate of Vehumet.
             Shot with an arrow by a centaur (10 damage)
             ... on level 6 of the Dungeon.
             The game lasted 00:07:05 (6754 turns).

Bruhh the Ogre Mage (Ogre Earth Elementalist)       Turns: 6754, Time: 00:07:06

Health: -1/59      AC:  3    Str: 13    XL:     7   Next: 73%
Magic:  14/14      EV:  9    Int: 24    God:    Vehumet [......]
Gold:   296        SH:  0    Dex:  9    Spells: 8/16 levels left

rFire   . . .      SeeInvis .   u - +4 quarterstaff
rCold   . . .      Faith    .   (shield currently unavailable)
rNeg    . . .      Spirit   .   b - +0 robe
rPois   .          Reflect  .   (helmet restricted)
rElec   .          Harm     .   (no cloak)
rCorr   .          Rampage  .   (gloves unavailable)
Will    +....                   (boots unavailable)
Stlth   +.........              s - amulet of regeneration
HPRegen 0.99/turn               l - +6 ring of intelligence
MPRegen 0.14/turn               r - ring of willpower

@: no status effects
A: large, unfitting armour, tough skin 1
a: Renounce Religion


You were on level 6 of the Dungeon.
You worshipped Vehumet.
Vehumet was noncommittal.
You visited 2 branches of the dungeon, and saw 7 of its levels.

You collected 296 gold pieces.

Inventory:

Hand Weapons
 f - a +1 spear of flaming
 u - a +4 quarterstaff (weapon)
Missiles
 a - 59 stones
Armour
 b - a +0 robe (worn)
Jewellery
 l - a +6 ring of intelligence (left hand)
 r - a ring of willpower (right hand)
 s - an amulet of regeneration (around neck)
 v - a +6 ring of strength
Wands
 w - a wand of flame (18)
Scrolls
 d - 10 scrolls of identify {unknown}
 e - 4 scrolls of poison
 g - 4 scrolls of magic mapping {unknown}
 i - 2 scrolls of fear {unknown}
 m - 4 scrolls of fog {unknown}
 n - 2 scrolls of summoning {unknown}
 q - 2 scrolls of immolation {unknown}
 x - a scroll of blinking {unknown}
Potions
 c - 6 potions of magic
 h - 3 potions of mutation {unknown}
 j - a potion of curing
 k - 3 potions of ambrosia {unknown}
 o - 2 potions of haste {unknown}
 p - 2 potions of heal wounds {unknown}
 t - 3 potions of lignification {unknown}


   Skills:
 - Level 1.7 Dodging
 - Level 1.4 Stealth
 - Level 5.0 Spellcasting
 - Level 3.0 Conjurations
 - Level 0.8 Transmutations
 - Level 5.0 Earth Magic
 + Level 3.6 Poison Magic


You had 8 spell levels left.
You knew the following spells:

 Your Spells              Type           Power      Damage    Failure   Level
a - Sandblast             Erth           60%        2d14      1%          1
b - Stone Arrow           Conj/Erth      50%        3d10      4%          3
c - Olgreb's Toxic Radia  Pois           23%        N/A       19%         4

Your spell library contained the following spells:

 Spells                   Type           Power      Damage    Failure   Level
 Sting                    Tmut/Pois      64%        1d6       3%          1
 Passwall                 Tmut/Erth      16%        N/A       4%          2
 Poisonous Vapours        Pois/Air       28%        N/A       6%          2
 Static Discharge         Conj/Air       13%        N/A       7%          2
 Sublimation of Blood     Necr           6%         N/A       13%         2
 Gell's Gravitas          Tloc           6%         N/A       26%         3
 Teleport Other           Tloc           6%         N/A       26%         3
 Tukima's Dance           Hex            6%         N/A       26%         3
 Petrify                  Tmut/Erth      20%        N/A       26%         4
 Sticky Flame             Conj/Fire      13%        2d4       43%         4
 Dispel Undead            Necr           6%         3d8       65%         4
 Passage of Golubria      Tloc           6%         N/A       65%         4
 Irradiate                Conj/Tmut      7%         3d15      73%         5
 Yara's Violent Unravell  Hex/Tmut       4%         3d4       90%         5
 Dispersal                Tloc           3%         N/A       100%        6


Dungeon Overview and Level Annotations

Branches:
Dungeon (6/15)             Temple (1/1) D:4

Altars:
Ashenzari
Cheibriados
Fedhas
Hepliaklqana
Kikubaaqudgha
Makhleb
Nemelex Xobeh
Qazlal
Ru
Sif Muna
Uskayaw
Vehumet
Wu Jian
Xom
Yredelemnul
The Shining One

Shops:
D:2 !   D:3 !   D:5 :


Innate Abilities, Weirdness & Mutations

You are too large for most types of armour.
You have tough skin. (AC +1)


Message History

You miscast Stone Arrow.
You are very lightly contaminated with residual magic.
Nothing appears to happen.
The adder closely misses you.
An adder is nearby!
An adder is nearby!
The stone arrow hits the adder!
You kill the adder!
Vehumet accepts your kill.
Your magical contamination has completely faded away.
x - a scroll labelled CIGAES TAESEC As you open the door, it creaks loudly!
Found a mace.
Found a glowing mace and a mace.
A centaur comes into view.
The centaur shouts!
The centaur wields a +0 shortbow.
The centaur shoots an arrow.
The arrow barely misses you.
Found a stone staircase leading up.
The centaur shoots an arrow.
The arrow hits you!
The centaur shoots an arrow.
The arrow hits you!
The centaur shoots an arrow.
The arrow hits you.
The centaur shoots an arrow.
The arrow hits you!
The centaur shoots an arrow.
The arrow hits you!
* * * LOW HITPOINT WARNING * * *
You are too injured to fight recklessly!
You are too injured to fight recklessly!
It was a potion of curing.
You feel better.
The centaur shoots an arrow.
The arrow hits you.
You feel better.
The centaur shoots an arrow.
The arrow hits you!
* * * LOW HITPOINT WARNING * * *
The centaur shoots an arrow.
The arrow hits you!
* * * LOW HITPOINT WARNING * * *
You feel better.
The centaur shoots an arrow.
The arrow hits you!
* * * LOW HITPOINT WARNING * * *
The air fills with toxic fumes!
As you read the scroll labelled JIBORAAKUO, it crumbles to dust.
It was a scroll of poison.
The centaur shoots an arrow.
The arrow closely misses you.
The centaur shoots an arrow.
The arrow barely misses you.
You feel better.
The centaur shoots an arrow.
The arrow hits you!
You die...

.....##########..##..####'###.##.
.....###.§§####§§##### ### #####
.........§§§§§§§§§#
.........§§§§§§§§§#
.......<.§§§§§§§§§##♣♣
########...§§§§§§§§§P♣♣
......##'####§§§§§§§§§♣♣
......##...##§§§§§§§§§§♣
...........##§§§@#..P)♣)♣
...........##§§§§###♣♣♣ ♣
...........#§§§§§#
.....###...##§§§§§ ### .....#
#...##§§c§§ #.. .....#
....##§§§§## #.. .....#
....####### #.. .....# ..... #..
'##### ##.


You could see a centaur.

Vanquished Creatures
  Sigmund (D:5)
  An ice beast (D:5)
  Blork the orc (D:4)
  4 hounds
  3 iguanas
  4 gnolls (D:2)
  8 adders
  A white imp (D:5)
  A worm (D:2)
  3 dart slugs
  4 orcs
  10 ball pythons
  5 endoplasms
  3 giant cockroaches
  6 goblins
  8 hobgoblins
  6 jackals
  9 kobolds
  3 quokkas
  3 bats
  11 frilled lizards
  8 rats
103 creatures vanquished.

Vanquished Creatures (others)
  9 plants
9 creatures vanquished.

Grand Total: 112 creatures vanquished

Notes
Turn   | Place    | Note
-------+----------+-------------------------------------------
     0 | D:1      | Bruhh the Ogre Earth Elementalist began the quest for the
                  | Orb.
     0 | D:1      | Reached XP level 1. HP: 16/16 MP: 3/3
   261 | D:1      | Reached XP level 2. HP: 24/24 MP: 2/5
   885 | D:1      | Reached XP level 3. HP: 29/31 MP: 7/7
  1152 | D:2      | Reached XP level 4. HP: 8/39 MP: 2/9
  2218 | D:2      | Found a faded altar of an unknown god.
  2445 | D:2      | Found Otumubly's Distillery.
  2995 | D:3      | Found Guimacoa's Distillery.
  3127 | D:3      | Found a glowing golden altar of the Shining One.
  3715 | D:4      | Reached XP level 5. HP: 45/45 MP: 8/11
  4753 | D:4      | Found a hazy altar of Hepliaklqana.
  4753 | D:4      | Noticed Blork the orc
  4755 | D:4      | Found a faded altar of an unknown god.
  4760 | D:4      | Killed Blork the orc
  4761 | D:4      | Reached skill level 5 in Spellcasting
  4761 | D:4      | Reached XP level 6. HP: 25/53 MP: 11/13
  4765 | D:4      | Learned a level 3 spell: Stone Arrow
  4871 | D:4      | Found a staircase to the Ecumenical Temple.
  5002 | Temple   | Entered the Ecumenical Temple
  5066 | Temple   | Became a worshipper of Vehumet
  5152 | D:5      | Entered Level 5 of the Dungeon
  5223 | D:5      | Reached skill level 5 in Earth Magic
  5454 | D:5      | Noticed an ice beast
  5462 | D:5      | Killed an ice beast
  5567 | D:5      | Found Wullocax's Book Boutique.
  5676 | D:5      | Noticed Sigmund
  5682 | D:5      | Killed Sigmund
  5683 | D:5      | Reached XP level 7. HP: 51/59 MP: 7/14
  5744 | D:5      | Learned a level 4 spell: Olgreb's Toxic Radiance
  6751 | D:6      | HP: 1/59 [centaur/arrow (10)]
  6754 | D:6      | Shot with an arrow by a centaur

Illustrated notes

Levels and vault maps discovered:
D:1:      saegor_arrival_simple_c, layout_basic
D:2:      layout_loops_ring, hellmonk_ecumenical_altar_prayer_group,
          serial_shops, shop
D:3:      wad_woods_pond, layout_basic, lemuel_doored_altar, serial_shops, shop,
          dk_vineyard_3
D:4:      nicolae_cairo_tiling_large, layout_basic,
          beargit_hepliaklqana_dungeon_heroes, minmay_temple_entry_fiery
D:5:      layout_cave_pods, serial_shops, shop_fountains, uniq_sigmund
D:6:      layout_gridville, minmay_lizard_king, uniq_crazy_yiuf_cottage
Temple:   eino_temple_water

Skill      XL: |  1  2  3  4  5  6  7 |
---------------+----------------------+-----
Earth Magic    | 3 4 5 |  5.0
Spellcasting   | 3 4 5 |  5.0
Conjurations   | 3 |  3.0
Poison Magic   | 2 3 |  3.6
Dodging        | |  1.7
Stealth        | |  1.4
Transmutations | |  0.8

Action                   |  1- 3 |  4- 6 |  7- 9 || total
-------------------------+-------+-------+-------++-------
Melee: Spear             |    37 |   105 |       ||   142
       Punch             |       |     1 |       ||     1
       Quarterstaff      |       |     9 |    37 ||    46
 Cast: Sandblast         |    21 |    43 |       ||    64
       Stone Arrow       |       |     2 |    14 ||    16
  Use: Potion            |       |       |     4 ||     4
       Scroll            |       |       |     1 ||     1
 Stab: Sleeping          |     1 |     6 |       ||     7
Armor: Robe              |     9 |    32 |    32 ||    73
Dodge: Dodged            |     9 |    54 |    40 ||   103

Table legend: (Time is in decaauts)
 A = Elapsed time spent in this place.
 B = Non-inter-level travel time spent in this place.
 C = Inter-level travel time spent in this place.
 D = Time resting spent in this place.
 E = Time spent auto-exploring this place.
 F = Levels seen in this place.
 G = Mean time per level.
                   A        B        C        D        E       F      G
               +--------+--------+--------+--------+--------+-----+--------+
         Total |   6780 |   6520 |    260 |    484 |   5284 |   7 |  968.6 |
       Dungeon |   6701 |   6454 |    247 |    484 |   5241 |   6 | 1116.8 |
        Temple |     78 |     65 |     13 |      0 |     43 |   1 |   78.0 |
               +--------+--------+--------+--------+--------+-----+--------+

Top non-repeatable levels by time:
     D:1: 1600 daAuts
     D:4: 1370 daAuts
     D:3: 1130 daAuts
     D:5: 1064 daAuts
     D:2: 987 daAuts
     D:6: 548 daAuts
  Temple: 78 daAuts
